 Dungeon Crawl Stone Soup version 0.31-a0-229-g1fc7ce93e2 (webtiles) character file.

Game seed: 15984310957497051756

15 qw the Shooter (level 2, -1/24 HPs)
             Began as a Minotaur Hexslinger on July 6, 2023.
             Slain by a quokka (3 damage)
             ... on level 1 of the Dungeon.
             The game lasted 00:00:06 (120 turns).

qw the Shooter (Minotaur Hexslinger)                 Turns: 120, Time: 00:00:07

Health: -1/24      AC:  2    Str: 12    XL:     2   Next: 34%
Magic:  2/2        EV:  9    Int: 10    God:
Gold:   11         SH:  0    Dex: 12    Spells: 2/3 levels left

rFire   . . .        d - +2 sling (heavy)
rCold   . . .        (no shield)
rNeg    . . .        c - +0 robe
rPois   .            (helmet restricted)
rElec   .            (no cloak)
rCorr   .            (no gloves)
SInv    .            (no boots)
Will    .....        (no amulet)
Stlth   +            (no ring)
HPRegen 0.24/turn    (no ring)
MPRegen 0.08/turn

%: no passive effects
@: constricted
A: horns 2, retaliatory headbutt
a: no special abilities


You were on level 1 of the Dungeon.
You visited 1 branch of the dungeon, and saw 1 of its levels.

You collected 11 gold pieces.


Innate Abilities, Weirdness & Mutations

You have a pair of horns on your head.
You reflexively headbutt those who attack you in melee.


   Skills:
 + Level 1.9 Fighting
 - Level 3.1 Ranged Weapons
 - Level 2.1 Dodging
 - Level 1.0 Spellcasting
 - Level 2.0 Hexes


You had 2 spell levels left.
You knew the following spells:

 Your Spells              Type           Power      Damage    Failure   Level
a - Slow                  Hex            16%        N/A       16%         1

Your spell library contained the following spells:

 Spells                   Type           Power      Damage    Failure   Level
 Inner Flame              Hex/Fire       2%         N/A       56%         3
 Portal Projectile        Hex/Tloc       4%         N/A       56%         3
 Cause Fear               Hex            2%         N/A       83%         4

Inventory:

Hand Weapons
 d - a +2 heavy sling (weapon)
Armour
 c - a +0 robe (worn)
Scrolls
 a - a scroll of identify {unknown}
 b - a scroll of poison
 e - a scroll of amnesia {unknown}

Dungeon Overview and Level Annotations

Branches:
Dungeon (1/15)

Altars:


Message History

You hear a shout!
A giant cockroach comes into view.
A hobgoblin comes into view.
A jackal comes into view.
You shoot a sling bullet.
The sling bullet barely misses the jackal.
The jackal barks!
The sling bullet hits the hobgoblin!
You kill the hobgoblin!
The jackal bites you. The jackal closely misses you.
You shoot a sling bullet.
The sling bullet barely misses the jackal.
The sling bullet hits the jackal.
You kill the jackal!
The jackal bites you but does no damage.
The jackal bites you. The quokka misses you.
The ball python closely misses you. The ball python grabs you.
The ball python constricts you.
You shoot a sling bullet.
The sling bullet barely misses the ball python.
The jackal barely misses you. The ball python barely misses you.
The ball python constricts you. The quokka bites you.
The jackal bites you but does no damage.
The jackal closely misses you. The ball python misses you.
The ball python constricts you. The quokka barely misses you.
You shoot a sling bullet.
The sling bullet closely misses the ball python.
The jackal bites you. The jackal closely misses you. The ball python bites you.
The ball python constricts you.
The quokka bites you but does no damage.
The jackal bites you but does no damage. x2
The hobgoblin hits you. The ball python closely misses you.
The ball python constricts you. The quokka barely misses you.
The jackal bites you but does no damage.
The jackal bites you.
You shoot a sling bullet.
The sling bullet barely misses the ball python.
The jackal completely misses you. The jackal misses you.
The ball python bites you. The ball python constricts you.
The quokka bites you. The hobgoblin hits you. The jackal closely misses you. x2
The ball python bites you. The ball python constricts you.
The quokka bites you.
You die...

#.#.............
#..#..........######
##.....%.##......... # !
................### .#..
##.....)##........##...
........####.###......
...#....# #.#.....# .
#..#....####.#..gh.#....
...>............@hB..[..
#....#######.#.%Sr......
........................
..)%%...................
##><##########..........
........... #..........
......##..# #..........
........ #..........
......###


You could see a quokka, 2 jackals, a giant cockroach, a hobgoblin and a ball
python.

Vanquished Creatures
  A dart slug (D:1)
  An endoplasm (D:1)
  5 hobgoblins (D:1)
  A jackal (D:1)
  A quokka (D:1)
  A bat (D:1)
  A kobold (D:1)
11 creatures vanquished.

Notes
Turn   | Place    | Note
-------+----------+-------------------------------------------
     0 | D:1      | qw the Minotaur Hexslinger began the quest for the Orb.
     0 | D:1      | Reached XP level 1. HP: 16/16 MP: 1/1
     0 | D:1      | 0 ||| qw: Version: 0.3-a-46-gb1f654a
     0 | D:1      | 0 ||| qw: Game counter: 1599
     0 | D:1      | 0 ||| qw: Melee chars always use a shield: true
     0 | D:1      | 0 ||| qw: God list: Okawaru
     0 | D:1      | 0 ||| qw: Allow faded altars: false
     0 | D:1      | 0 ||| qw: Do Orc after clearing Dungeon:15 true
     0 | D:1      | 0 ||| qw: Do second Lair branch before Depths: true
     0 | D:1      | 0 ||| qw: Lair rune preference: random
     0 | D:1      | 0 ||| qw: Goals: Normal
     0 | D:1      | 0 ||| PLANNING D:1-11
     2 | D:1      | 2 ||| SWAPPING to +2 heavy sling.
     3 | D:1      | 3 ||| DROPPING +1 sling.
    30 | D:1      | 30 ||| FLEEEEING.
    33 | D:1      | 33 ||| FLEEEEING.
    34 | D:1      | 34 ||| FLEEEEING.
    35 | D:1      | 35 ||| FLEEEEING.
    36 | D:1      | 36 ||| FLEEEEING.
    37 | D:1      | 37 ||| FLEEEEING.
    41 | D:1      | Reached skill level 3 in Ranged Weapons
    41 | D:1      | Reached XP level 2. HP: 22/23 MP: 2/2
   120 | D:1      | HP: 4/24 [quokka (4)]
   120 | D:1      | Slain by a quokka

Levels and vault maps discovered:
D:1:      dpeg_arrival_line_fractal, layout_rooms

Skill      XL: |  1 |
---------------+----+-----
Ranged Weapons | 3 |  3.1
Fighting       | |  1.9
Dodging        | |  2.1
Spellcasting   | |  1.0
Hexes          | |  2.0

Action                     || total
---------------------------++-------
   Fire: Sling             ||    34
 Armour: Robe              ||     9
  Dodge: Dodged            ||    27

Table legend:
 A = Non-vault XP
 B = Vault XP
 C = Vault XP percentage of total XP
 D = Non-vault monster count
 E = Vault monster count
 F = Vault count percentage of total count
                 A         B        C        D         E       F
            +---------+---------+-------+---------+---------+-------
      Total |      22 |       0 |   0.0 |      11 |       0 |   0.0
            +---------+---------+-------+---------+---------+-------
        D:1 |      22 |       0 |   0.0 |      11 |       0 |   0.0
            +---------+---------+-------+---------+---------+-------
